 Dungeon Crawl Stone Soup version 0.27-a0-797-g27d10ad80f (webtiles) character file.

Game seed: 4827207136262797794

8 rageheart7 the Skirmisher (level 2, 0/27 HPs)
             Began as a Demonspawn Wanderer on Mar 28, 2021.
             Slain by a kobold
             ... wielding a +0 club
              (4 damage)
             ... on level 1 of the Dungeon.
             The game lasted 00:00:33 (139 turns).

rageheart7 the Skirmisher (Demonspawn Wanderer)      Turns: 139, Time: 00:00:33

Health: 0/27       AC:  2    Str: 10    XL:     2   Next: 0%
Magic:  2/2        EV: 11    Int: 13    God:
Gold:   10         SH:  0    Dex: 14    Spells: 1/1 levels left

rFire    . . .     SeeInvis .   a - +2 spear
rCold    . . .     Faith    .   (no shield)
rNeg     . . .     Spirit   .   c - +0 robe
rPois    .         Reflect  .   (no helmet)
rElec    .         Harm     .   (no cloak)
rCorr    .         Rampage  .   (no gloves)
Will     .....                  (no boots)
Stlth    +.........             (no amulet)
HPRegen  0.09/turn              (no ring)
MPRegen  0.08/turn              (no ring)

@: no status effects
A: powered by death 1
a: no special abilities


You were on level 1 of the Dungeon.
You visited 1 branch of the dungeon, and saw 1 of its levels.

You collected 10 gold pieces.

Inventory:

Hand Weapons
 a - a +2 spear (weapon)
Armour
 c - a +0 robe (worn)
Scrolls
 b - 2 scrolls of teleportation
 d - a scroll of identify {unknown}


   Skills:
 * Level 5.2 Fighting
 * Level 2.1 Polearms
 - Level 1.0 Throwing
 - Level 1.0 Armour
 - Level 1.0 Shields


You had one spell level left.
You didn't know any spells.
Your spell library was empty.

Dungeon Overview and Level Annotations

Branches:
Dungeon (1/15)

Altars:


Innate Abilities, Weirdness & Mutations

You regenerate a little health from kills.


Message History

You kill the kobold!
You hit the hobgoblin.
The hobgoblin is heavily wounded.
The hobgoblin hits you.
You hit the hobgoblin.
The hobgoblin is almost dead.
The hobgoblin hits you.
You are too injured to fight recklessly!
You are too injured to fight recklessly!
You are too injured to fight recklessly!
You are too injured to fight recklessly!
You are too injured to fight recklessly!
You are too injured to fight recklessly!
You are too injured to fight recklessly!
You are too injured to fight recklessly!
You are too injured to fight recklessly!
You are too injured to fight recklessly!
You are too injured to fight recklessly!
You are too injured to fight recklessly!
You are too injured to fight recklessly!
You are too injured to fight recklessly!
You are too injured to fight recklessly!
You are too injured to fight recklessly!
You are too injured to fight recklessly!
You hit the hobgoblin.
You kill the hobgoblin!
The ball python bites you. The ball python misses you.
You completely miss the ball python. The ball python bites you.
* * * LOW HITPOINT WARNING * * *
The ball python closely misses you.
You puncture the ball python!
You kill the ball python!
The kobold closely misses you.
You have reached level 2!
Your demonic ancestry asserts itself...
A wave of death washes over you.
You barely miss the kobold. The kobold hits you with a +0 club.
* * * LOW HITPOINT WARNING * * *
You barely miss the kobold. The kobold hits you with a +0 club.
You die...

#...### #...###.... #(....#
#..........
#####.###############
###........
###..##............#
#........
+....>...#....####.#
#........ #####.#..#....#
#.#####........ #.#..#†...#
#..............
#.#.......####..........#...
#.........'@K...........+...
###.#.....####.#'########...
#.#..#### #....>.....+...
#.##.# ###.########... #.#
#.# ... #. #.# #.# #.# #.#


You could see a kobold.

Vanquished Creatures
  An endoplasm (D:1)
  A hobgoblin (D:1)
  2 quokkas (D:1)
  A ball python (D:1)
  A frilled lizard (D:1)
  A kobold (D:1)
  A rat (D:1)
8 creatures vanquished.

Notes
Turn   | Place    | Note
-------+----------+-------------------------------------------
     0 | D:1      | rageheart7 the Demonspawn Wanderer began the quest for the
                  | Orb.
     0 | D:1      | rageheart7 set off with the following items: a +2 spear, 2
                  | scrolls of teleportation, a +0 robe
     0 | D:1      | Reached XP level 1. HP: 21/21 MP: 1/1
   138 | D:1      | Gained mutation: You regenerate a little health from kills.
                  | [demonic ancestry]
   138 | D:1      | Reached XP level 2. HP: 7/27 MP: 2/2
   139 | D:1      | Slain by a kobold

Illustrated notes

Levels and vault maps discovered:
D:1:      dpeg_arrival_rooms_c, layout_basic

Skill      XL: |  1 |
---------------+----+-----
Polearms       | 2 |  2.1
Fighting       | |  5.2
Throwing       | |  1.0
Armour         | |  1.0
Shields        | |  1.0

Action                   || total
-------------------------++-------
Melee: Spear             ||    20
 Stab: Sleeping          ||     1
Armor: Robe              ||     1
Dodge: Dodged            ||     7

Table legend: (Time is in decaauts)
 A = Elapsed time spent in this place.
 B = Non-inter-level travel time spent in this place.
 C = Inter-level travel time spent in this place.
 D = Time resting spent in this place.
 E = Time spent auto-exploring this place.
 F = Levels seen in this place.
 G = Mean time per level.
                   A        B        C        D        E       F      G
               +--------+--------+--------+--------+--------+-----+--------+
         Total |    139 |    139 |      0 |      0 |     88 |   1 |  139.0 |
       Dungeon |    139 |    139 |      0 |      0 |     88 |   1 |  139.0 |
               +--------+--------+--------+--------+--------+-----+--------+

Top non-repeatable levels by time:
     D:1: 139 daAuts
